 Dungeon Crawl Stone Soup version 0.20.1-1-g8b1a95d (webtiles) character file.

322 slep the Skirmisher (level 6, 0/48 HPs)
             Began as a Demonspawn Abyssal Knight on Oct 27, 2017.
             Was a Believer of Lugonu.
             Succumbed to a worker ant's poison
             ... on level 4 of the Dungeon.
             The game lasted 00:20:50 (3395 turns).

slep the Skirmisher (Demonspawn Abyssal Knight)     Turns: 3395, Time: 00:20:51

Health: 0/48       AC:  3    Str: 14      XL:     6   Next: 22%
Magic:  7/7        EV: 11    Int: 12 (13) God:    Lugonu [**....]
Gold:   206        SH:  3    Dex: 13      Spells: 5/5 levels left

rFire    . . .     SeeInvis .   a - +1 falchion
rCold    + . .     Gourm    .   w - +0 buckler
rNeg     + . .     Faith    .   b - +0 leather armour
rPois    .         Spirit   +   (helmet restricted)
rElec    .         Reflect  .   l - scarf {cloud immunity}
rCorr    .         Harm     .   (no gloves)
MR       .....                  (no boots)
Stlth    +.........             x - amulet of guardian spirit
Regen    0.2/turn               v - ring of positive energy
MPRegen  0.1/turn               (no ring)

@: lethally poisoned (0 -> -4), berserk cooldown, slowed, very slow
A: horns 1, cold resistance 1, subdued magic 1
a: Depart the Abyss, Bend Space, Renounce Religion


You were on level 4 of the Dungeon.
You worshipped Lugonu.
Lugonu was pleased with you.
You were not hungry.

You visited 1 branch of the dungeon, and saw 4 of its levels.
You visited the Abyss 1 time.

You collected 206 gold pieces.

Inventory:

Hand Weapons
 a - a +1 falchion (weapon)
Armour
 b - a +0 leather armour (worn)
 l - a scarf of cloud immunity (worn)
 w - a +0 buckler (worn)
Jewellery
 v - a ring of positive energy (left hand)
 x - an amulet of guardian spirit (around neck)
Wands
 u - a wand of polymorph (22/24)
Scrolls
 e - 2 scrolls of noise {unknown}
 f - a scroll of amnesia {unknown}
 h - a scroll of acquirement {unknown}
 i - a scroll of fog {unknown}
 j - 3 scrolls of remove curse {unknown}
 n - 3 scrolls of teleportation {unknown}
 o - a scroll of immolation {unknown}
 r - 5 scrolls of identify {unknown}
 t - a scroll of blinking {unknown}
Potions
 k - 3 potions of agility
 s - a potion of haste
Comestibles
 c - 7 bread rations
 d - 2 meat rations
 g - 2 royal jellies
 m - 6 fruits


   Skills:
 + Level 4.1 Fighting
 + Level 4.1 Long Blades
 + Level 3.0 Armour
 + Level 2.1 Dodging
 + Level 0.2 Stealth
 + Level 0.3 Shields
 + Level 2.5 Invocations


You had 5 spell levels left.
You didn't know any spells.

Dungeon Overview and Level Annotations

Branches:
Dungeon (4/15)
 Temple: D:4-7

Altars:
Ashenzari
Dithmenos
Hepliaklqana
Makhleb
Okawaru
Qazlal
Trog


Innate Abilities, Weirdness & Mutations

Your flesh is cold resistant. (rC+)
You have a pair of small horns on your head.
Your spells are a little easier to cast, but a little less powerful.


Message History

You feel a strong urge to attack something.
There is an open door here.
You are no longer berserk.
You are exhausted.
You feel yourself slow down.
* * * LOW HITPOINT WARNING * * *
You feel sick.
* * * LOW HITPOINT WARNING * * *
You feel sick.
* * * LOW HITPOINT WARNING * * *
You feel sick.
* * * LOW HITPOINT WARNING * * *
You feel sick.
* * * LOW HITPOINT WARNING * * *
You feel sick.
* * * LOW HITPOINT WARNING * * *
You feel sick.
You see here a royal jelly.
g - 2 royal jellies (gained 1)
You die...

........#...#......#
........'...'......#
........#...#......#
........#...#......#
........#...#......#
........#+###......#
+######......#######
#......# #@.....#
+......# #......#
..###### ..# ...#
...# ....#


There were no monsters in sight!

Vanquished Creatures
  2 orc wizards (D:3)
  2 orc priests (D:3)
  Natasha (twice) (D:4)
  A worker ant (D:4)
  5 adders
  An ooze (D:2)
  4 worms
  3 dart slugs (D:2)
  2 leopard geckos
  4 orcs (D:3)
  10 bats
  3 giant cockroaches
  8 goblins
  4 hobgoblins
  4 jackals (D:1)
  A quokka (D:2)
  2 ball pythons
  5 frilled lizards
  7 kobolds
  7 rats
77 creatures vanquished.

Vanquished Creatures (others)
  A kobold (D:2)
1 creature vanquished.

Grand Total: 78 creatures vanquished

Notes
Turn   | Place    | Note
-------+----------+-------------------------------------------
     0 | Abyss:1  | slep the Demonspawn Abyssal Knight began the quest for the Orb.
     0 | Abyss:1  | Reached XP level 1. HP: 18/18 MP: 2/2
    98 | Abyss:1  | Noticed a large abomination
   148 | Abyss:1  | Noticed a large abomination
   151 | Abyss:1  | Noticed a raiju
   155 | Abyss:2  | Found a deep blue altar of Sif Muna.
   189 | Abyss:2  | Noticed a large abomination
   205 | Abyss:3  | Found a corrupted altar of Lugonu.
   255 | Abyss:3  | Noticed a raiju
   258 | Abyss:3  | Noticed a raiju
   258 | D:1      | Escaped the Abyss
   437 | D:1      | Reached * piety under Lugonu
   486 | D:1      | Gained mutation: Your flesh is cold resistant. (rC+) [demonic ancestry]
   486 | D:1      | Reached XP level 2. HP: 14/24 MP: 3/3
   511 | D:1      | Reached skill level 1 in Dodging
  1139 | D:2      | Reached XP level 3. HP: 29/29 MP: 4/4
  1215 | D:2      | Found a stormy altar of Qazlal.
  1346 | D:2      | Found a shattered altar of Ashenzari.
  1865 | D:2      | Reached XP level 4. HP: 4/35 MP: 1/5
  1880 | D:2      | Found a bloodstained altar of Trog.
  2245 | D:3      | Found a hazy altar of Hepliaklqana.
  2322 | D:3      | Reached XP level 5. HP: 25/42 MP: 4/6
  2339 | D:3      | Reached ** piety under Lugonu
  2524 | D:3      | HP: 2/42 [adder (3)]
  2565 | D:3      | Found a burning altar of Makhleb.
  2815 | D:3      | Found a shadowy altar of Dithmenos.
  2914 | D:3      | Found an iron altar of Okawaru.
  3101 | D:4      | Noticed Natasha
  3108 | D:4      | Killed Natasha
  3125 | D:4      | Reached XP level 6. HP: 44/48 MP: 7/7
  3328 | D:4      | Noticed Natasha
  3341 | D:4      | Killed Natasha
  3378 | D:4      | Gained mutation: Your spells are a little easier to cast, but a little less powerful. [potion of mutation]
  3378 | D:4      | Gained mutation: You have a pair of small horns on your head. [potion of mutation]
  3391 | D:4      | HP: 2/48 [poisoned by a worker ant]
  3395 | D:4      | Succumbed to a worker ant's poison

Skill      XL: |  1  2  3  4  5  6 |
---------------+-------------------+-----
Dodging        | 1 2 |  2.1
Long Blades    | 2 3 4 |  4.1
Armour         | 2 3 |  3.0
Fighting       | 4 |  4.1
Stealth        | |  0.2
Shields        | |  0.3
Invocations    | |  2.5

Action                   |  1- 3 |  4- 6 || total
-------------------------+-------+-------++-------
Melee: Falchion          |   147 |   153 ||   300
Invok: Depart the Abyss  |     1 |       ||     1
  Use: Potion            |     1 |     8 ||     9
  Eat: Chunk             |     3 |     5 ||     8
Armor: Leather armour    |    46 |    26 ||    72
Dodge: Dodged            |   109 |    60 ||   169
Block: Buckler           |     2 |    12 ||    14
       Rpst.: Falchion   |    37 |    16 ||    53
